 Dungeon Crawl Stone Soup version 0.19-a0-1899-g2d93087 (webtiles) character file.

18843 vev the Martial Artist (level 12, -4/92 HPs)
             Began as a Yellow Draconian Transmuter on Oct 19, 2016.
             Was a Priest of Ru.
             Slain by an eight-headed hydra (11 damage)
             ... on level 1 of the Lair of Beasts on Oct 20, 2016.
             The game lasted 01:13:45 (15613 turns).

vev the Martial Artist (DrTm)                      Turns: 15613, Time: 01:13:45

Health: -4/92      AC: 12    Str: 13    XL:     12   Next: 31%
Magic:  0/15       EV: 16    Int: 11    God:    Ru [***...]
Gold:   695        SH:  0    Dex: 17    Spells: 5 memorised, 3 levels left

rFire  + . .     SeeInvis .       - Unarmed
rCold  . . .     Gourm    .     (armour unavailable)
rNeg   . . .     Faith    .     (shield unavailable)
rPois  +         Spirit   +     G - +2 hat {Spirit}
rElec  .         Reflect  .     s - +0 cloak
rCorr  +         Harm     .     (no gloves)
MR     .....     Clarity  +     u - +0 pair of boots
Stlth  ++........               d - amulet of magic regeneration
                                J - ring of protection from fire
                                (ring unavailable)

@: short of breath, appendage
A: spit acid, acid resistance, unfitting armour, horns 2, blink, clarity, dopey
1, frail 1, low mp 1, poison resistance, evolution 1, cold-blooded, missing a
hand, AC +8
a: Spit Acid, End Transformation, Blink, Draw Out Power, Renounce Religion


You were on level 1 of the Lair of Beasts.
You worshipped Ru.
Ru was most pleased with you.
You were hungry.
You had grown temporary horns.
You visited 3 branches of the dungeon, and saw 13 of its levels.
You also visited: Bailey.

You collected 695 gold pieces.

Inventory:

Hand Weapons
 g - a +0 blowgun
Missiles
 a - 107 arrows
 e - 4 tomahawks of dispersal
 k - 6 javelins of penetration
 r - 11 tomahawks (quivered)
 H - 18 tomahawks of returning
 O - 6 curare-tipped needles
 Q - 23 poisoned needles
Armour
 s - a +0 cloak (worn)
 u - a +0 pair of boots (worn)
 G - a +2 hat of spirit shield (worn)
Jewellery
 d - an amulet of magic regeneration (around neck)
 J - a ring of protection from fire (right hand)
Wands
 m - a wand of disintegration (18/24)
 w - a wand of slowing (13/48)
 z - a wand of teleportation (6/9)
 I - a wand of polymorph (6/24)
 M - a wand of digging (6/24)
Scrolls
 f - 3 scrolls of amnesia {unknown}
 i - 8 scrolls of remove curse
 j - 4 scrolls of enchant weapon
 o - 5 scrolls of teleportation
 q - 4 scrolls of recharging
 v - a scroll of fear {unknown}
 x - 3 scrolls of magic mapping
 y - a scroll of immolation
 D - a scroll of fog
 E - a scroll of noise {unknown}
 N - a scroll of vulnerability {unknown}
Potions
 h - a potion of might
 l - 3 potions of haste
 p - 3 potions of cancellation
 t - 5 potions of flight
 B - 2 potions of resistance
 C - 4 potions of curing
 F - a potion of berserk rage
 K - a potion of brilliance
Miscellaneous
 b - a box of beasts
 L - a phial of floods (inert)
Comestibles
 c - 16 bread rations
 n - 7 meat rations
 A - 8 fruits
 P - 6 chunks of flesh


   Skills:
 + Level 8.6 Fighting
 * Level 5.9 Dodging
 + Level 3.2 Stealth
 - Level 13.9 Unarmed Combat
 * Level 3.8 Spellcasting
 + Level 9.3 Transmutations
 - Level 3.6 Ice Magic
 - Level 1.7 Poison Magic


You had 3 spell levels left.
You knew the following spells:

 Your Spells              Type           Power        Failure   Level  Hunger
a - Beastly Appendage     Tmut           ###...       1%          1    #......
b - Ice Form              Ice/Tmut       ###.....     21%         4    #####..
d - Spider Form           Tmut/Pois      ##........   10%         3    ###....
s - Sticks to Snakes      Tmut           ###.....     1%          2    ##.....
x - Blade Hands           Tmut           ###.......   17%         5    ######.


Dungeon Overview and Level Annotations

Branches:
Dungeon (11/15)            Temple (1/1) D:4            Lair (1/6) D:10
    Orc: D:9-12

Altars:
Ashenzari
Cheibriados
Dithmenos
Elyvilon
Fedhas
Gozag
Hepliaklqana
Kikubaaqudgha
Makhleb
Nemelex Xobeh
Okawaru
Qazlal
Ru
Sif Muna
Trog
Uskayaw
Vehumet
Xom
Yredelemnul
Zin
The Shining One

Annotations:
D:4 junb69's ghost, novice DrGl
D:5 exclusion: upstairs


Innate Abilities, Weirdness & Mutations

You can spit globs of acid.
You are resistant to acid.
Your golden yellow scales are hard. (AC +8)
You cannot fit into any form of body armour.
You are cold-blooded and may be slowed by cold attacks.
You are missing a hand.
You have a pair of horns on your head.
You can translocate small distances at will.
You possess an exceptional clarity of mind.
You are dopey. (Int -2)
You are frail. (-10% HP)
Your magical capacity is low. (-10% MP)
Your system is resistant to poisons. (rPois)
You evolve.


Message History

Evoke which item? (* to show all) (? for menu, Esc to quit)
Okay, then.
Evoke which item? (* to show all) (? for menu, Esc to quit)
Okay, then.
Unknown command.
As you read the scroll of teleportation, it crumbles to dust.
You feel strangely unstable.
Press: ? - help, Shift-Dir - straight line, f - spiny frog
Aim: a spiny frog (moderately wounded)
You spit a glob of acid.
The acid hits the spiny frog.
The spiny frog is splashed with acid.
The acid corrodes the spiny frog!
The spiny frog is severely wounded.
You are feeling hungry.
Your ball python bites the eight-headed hydra.
Your surroundings seem slightly different.
The eight-headed hydra bites you!
* * * LOW HITPOINT WARNING * * *
You focus your will and illuminate the eight-headed hydra in retribution!
The eight-headed hydra bites you!
You die...

....................# #.#
#....
..###.####..........# #.##
###.. #.# ###
##.........## #..######.
###
#.........P###...#..P.P
##....§.....##......P≈≈≈
#...........#......P≈≈≈≈
#...........##......≈P≈≈
##.............#......≈≈≈
##.......@DF...#..#..P≈≈≈≈
#P........S...........≈≈≈≈
#......................≈≈≈
##..................#♣≈≈≈≈
#..............#######≈.≈.
##............## #..P.≈ #
#............##### ##..♣.
#
#...........###..#######♣
# #######............##


You could see an eight-headed hydra, a spiny frog and a friendly ball python.

Vanquished Creatures
  Gastronok (D:8)
  Erolcha (D:9)
  Erica (D:9)
  Sonja (Lair:1)
  2 hill giants
  Pikel (D:9)
  An ugly thing (D:11)
  A manticore (D:9)
  Joseph (D:10)
  Psyche (D:9)
  A black mamba (Lair:1)
  A gargoyle (D:10)
  4 spiny frogs (Lair:1)
  A freezing wraith (D:9)
  2 kobold demonologists
  A rime drake (Lair:1)
  2 trolls (D:9)
  A hornet (D:9)
  7 hippogriffs
  Sigmund (D:5)
  A wyvern (D:11)
  6 yaks
  A spriggan (D:7)
  3 hungry ghosts
  A basilisk (Lair:1)
  A vampire mosquito (D:10)
  Edmund (D:5)
  2 water moccasins
  2 porcupines (Lair:1)
  6 orc warriors
  2 black bears
  3 ice beasts
  7 sky beasts
  A phantom (D:11)
  A slave (D:9)
  4 ogres
  5 centaurs
  A crocodile (Lair:1)
  6 big kobolds
  10 bullfrogs
  A wyvern skeleton (D:9)
  6 scorpions
  10 crimson imps
  7 hounds
  7 orc priests
  2 bullfrog zombies (D:9)
  2 bullfrog skeletons
  A centaur skeleton (D:11)
  A gnoll shaman (D:9)
  A jelly (D:5)
  Jessica (D:3)
  2 iguanas
  6 worker ants
  8 orc wizards
  2 hound zombies
  A hound skeleton (D:8)
  A howler monkey zombie (D:6)
  A worker ant zombie (D:9)
  2 gnolls (Bailey)
  A howler monkey skeleton (D:11)
  17 adders
  2 river rats (D:10)
  2 shadow imps
  An ooze (D:7)
  An adder skeleton (D:9)
  3 worms
  2 dart slugs
  4 leopard geckos
  41 orcs
  4 ball pythons
  22 bats
  6 giant cockroaches
  11 goblins
  13 hobgoblins
  12 jackals
  7 quokkas
  4 frilled lizards
  A giant cockroach zombie (D:5)
  27 kobolds
  2 leopard gecko skeletons (D:6)
  A quokka zombie (D:6)
  14 rats
356 creatures vanquished.

Vanquished Creatures (collateral kills)
  An orc warrior (D:6)
  A bullfrog (Lair:1)
  A howler monkey (D:6)
  A hound (D:8)
  Ijyb (D:3)
  An iguana (D:5)
  A worm (D:3)
  6 orcs
  A hobgoblin (Bailey)
  A kobold (D:8)
  A fungus (D:10)
  A plant (Lair:1)
17 creatures vanquished.

Vanquished Creatures (others)
  A slave (D:9)
  A centaur (D:9)
  A howler monkey (D:9)
  A crimson imp (D:9)
  2 orc priests (D:9)
  An orc wizard (D:9)
  An adder (D:9)
  An orc (D:9)
  5 fungi
  A plant (Lair:1)
15 creatures vanquished.

Grand Total: 388 creatures vanquished

Notes
Turn   | Place    | Note
-------+----------+-------------------------------------------
     0 | D:1      | vev the Draconian Transmuter began the quest for the Orb.
     0 | D:1      | Reached XP level 1. HP: 16/16 MP: 3/3
   505 | D:1      | Reached XP level 2. HP: 21/23 MP: 3/5
   794 | D:1      | Learned a level 2 spell: Sticks to Snakes
  1257 | D:2      | Reached skill level 4 in Unarmed Combat
  1279 | D:2      | Reached XP level 3. HP: 25/28 MP: 4/6
  1879 | D:2      | Reached XP level 4. HP: 30/35 MP: 5/7
  1997 | D:2      | Reached skill level 3 in Transmutations
  2131 | D:2      | Learned a level 3 spell: Spider Form
  2474 | D:3      | Noticed Jessica
  2568 | D:3      | Reached skill level 5 in Unarmed Combat
  2584 | D:3      | Reached XP level 5. HP: 23/40 MP: 5/8
  2621 | D:3      | Noticed Ijyb
  2630 | D:3      | Killed Ijyb
  2785 | D:3      | Reached skill level 1 in Poison Magic
  2996 | D:3      | Found a shimmering altar of Xom.
  3045 | D:3      | Killed Jessica
  3486 | D:3      | Reached XP level 6. HP: 40/47 MP: 5/9
  4001 | D:4      | Noticed junb69's ghost (novice DrGl)
  4157 | D:4      | Found a staircase to the Ecumenical Temple.
  4165 | Temple   | Entered the Ecumenical Temple
  4176 | Temple   | Became a worshipper of Ru the Awakened
  4199 | D:5      | Entered Level 5 of the Dungeon
  4211 | D:5      | Noticed Sigmund
  4222 | D:5      | Reached skill level 6 in Unarmed Combat
  4240 | D:5      | Killed Sigmund
  4240 | D:5      | Reached skill level 4 in Transmutations
  4240 | D:5      | Your scales start taking on a golden yellow colour.
  4240 | D:5      | Reached XP level 7. HP: 52/52 MP: 2/10
  4323 | D:4      | Reached skill level 7 in Unarmed Combat
  4474 | D:5      | Noticed Edmund
  4519 | D:5      | Killed Edmund
  4519 | D:5      | Reached skill level 2 in Dodging
  4536 | D:5      | Found an opulent altar of Gozag.
  4602 | D:5      | Reached skill level 5 in Transmutations
  4618 | D:5      | HP: 5/52 [orc warrior/flail (20)]
  4731 | D:5      | Reached skill level 8 in Unarmed Combat
  4731 | D:5      | Reached XP level 8. HP: 18/59 MP: 7/11
  5083 | D:5      | Reached skill level 3 in Dodging
  5756 | D:6      | Reached skill level 9 in Unarmed Combat
  5756 | D:6      | Reached skill level 6 in Transmutations
  5873 | D:6      | Reached skill level 4 in Dodging
  5916 | D:6      | HP: 5/59 [orc warrior/tomahawk (10)]
  6242 | D:6      | Reached XP level 9. HP: 50/64 MP: 5/12
  7092 | D:7      | Reached skill level 2 in Fighting
  7102 | D:7      | Reached skill level 10 in Unarmed Combat
  7162 | D:7      | Found a hazy altar of Hepliaklqana.
  7162 | D:7      | Found a glowing silver altar of Zin.
  7506 | D:7      | Reached skill level 3 in Fighting
  7506 | D:7      | Reached skill level 7 in Transmutations
  7528 | D:7      | Learned a level 4 spell: Ice Form
  7832 | D:8      | Found a flagged portal.
  7848 | Bailey   | Entered a bailey
  7962 | Bailey   | Noticed HEYYEYAAE's ghost (novice TrBe)
  8093 | D:8      | Reached skill level 4 in Fighting
  8099 | D:8      | Reached skill level 11 in Unarmed Combat
  8137 | D:8      | Noticed Gastronok
  8167 | D:8      | Killed Gastronok
  8167 | D:8      | Reached skill level 5 in Fighting
  8167 | D:8      | Reached XP level 10. HP: 34/81 MP: 3/13
  8576 | D:9      | Noticed Erica
  8602 | D:9      | Killed Erica
  8602 | D:9      | Reached skill level 8 in Transmutations
  8820 | D:9      | Reached skill level 12 in Unarmed Combat
  8935 | D:9      | Noticed Pikel
  9134 | D:9      | Reached skill level 6 in Fighting
  9444 | D:9      | Gained mutation: You can translocate small distances at will. [mutagenic meat]
  9447 | D:9      | Gained mutation: You are dopey. (Int -2) [mutagenic meat]
  9450 | D:9      | Gained mutation: Your system is resistant to poisons. (rPois) [mutagenic meat]
  9627 | D:9      | Reached skill level 1 in Ice Magic
  9866 | D:9      | Noticed a manticore
  9886 | D:9      | Killed a manticore
  9930 | D:9      | Noticed Erolcha
  9939 | D:9      | Killed Erolcha
  9939 | D:9      | Reached skill level 2 in Ice Magic
  9939 | D:9      | Reached XP level 11. HP: 46/91 MP: 8/14
 10283 | D:9      | Reached skill level 7 in Fighting
 10295 | D:9      | Killed Pikel
 10434 | D:9      | Noticed Psyche
 10447 | D:9      | Killed Psyche
 10447 | D:9      | Reached skill level 13 in Unarmed Combat
 10447 | D:9      | Reached skill level 3 in Ice Magic
 10570 | D:9      | Found a white marble altar of Elyvilon.
 10725 | D:9      | Gained mutation: Your magical capacity is low. (-10% MP) [potion of mutation]
 10725 | D:9      | Gained mutation: You evolve. [potion of mutation]
 10938 | D:9      | Gained mutation: You have sharp toenails. [mutagenic meat]
 10944 | D:9      | Lost mutation: You have sharp toenails. [mutagenic meat]
 10950 | D:9      | Gained mutation: You are frail. (-10% HP) [mutagenic meat]
 11128 | D:10     | Entered Level 10 of the Dungeon
 11662 | D:10     | Noticed Joseph
 11674 | D:10     | Killed Joseph
 11962 | D:10     | Gained mutation: You are missing a hand. [Ru sacrifice]
 11962 | D:10     | Reached * piety under Ru
 11962 | D:10     | Reached ** piety under Ru
 11962 | D:10     | Reached *** piety under Ru
 12016 | D:10     | Found a staircase to the Lair.
 12101 | D:10     | Reached skill level 1 in Stealth
 12413 | D:10     | Noticed a hill giant
 12476 | D:9      | Killed a hill giant
 12689 | D:10     | Reached skill level 9 in Transmutations
 12742 | D:10     | Gained mutation: You possess an exceptional clarity of mind. [evolution]
 12896 | D:10     | Reached skill level 2 in Stealth
 12899 | D:10     | Reached skill level 5 in Dodging
 13085 | D:11     | Reached skill level 8 in Fighting
 13395 | D:11     | Noticed a hill giant
 13410 | D:11     | Killed a hill giant
 13760 | D:11     | Noticed a white ugly thing
 13787 | D:11     | Killed a white ugly thing
 13787 | D:11     | Reached XP level 12. HP: 13/91 MP: 2/14
 14140 | D:10     | Learned a level 5 spell: Blade Hands
 14158 | Lair:1   | Entered Level 1 of the Lair of Beasts
 14544 | Lair:1   | Reached skill level 3 in Spellcasting
 14768 | Lair:1   | Reached skill level 3 in Stealth
 15099 | Lair:1   | Noticed Sonja
 15120 | Lair:1   | Killed Sonja
 15597 | Lair:1   | Noticed an eight-headed hydra
 15613 | Lair:1   | HP: 7/92 [eight-headed hydra (7)]
 15613 | Lair:1   | Slain by an eight-headed hydra

Vault maps used:
D:1:      dpeg_arrival_round_c, serial_bayou_pond_d, eino_curves_03,
          minmay_misc_feat_doors
D:2:      kennysheep_six_static_rooms, first_bread
D:3:      hangedman_decor_push, xom_teletrap_fun, uniq_iyjb, uniq_jessica
D:5:      basic_altar, uniq_edmund, uniq_sigmund
D:7:      gammafunk_temple_overflow_wave, the_bakery
D:8:      enter_bailey_3, uniq_gastronok
D:9:      minmay_quarter_circles, kennysheep_little_box, special_room,
          uniq_erica, uniq_pikel, uniq_erolcha, uniq_psyche
D:10:     minmay_wavy_crystal, grunt_lair_entry_orc_guard_hut, st_stairs_1,
          dk_rats_in_the_wall, uniq_joseph
Temple:   nicolae_temple_no_exploring_needed
Lair:1:   serial_bayou_pond_b, lemuel_fruit_fields, uniq_sonja
Bailey:   bailey_axe_2, bailey

Skill      XL: |  1  2  3  4  5  6  7  8  9 10 11 12 |
---------------+-------------------------------------+-----
Unarmed Combat | 4 5 6 8 9 11 12 13 | 13.9
Transmutations | 3 4 5 6 7 8 9 |  9.3
Poison Magic   | 1 |  1.7
Dodging        | 2 4 5 |  5.9
Fighting       | 5 6 8 |  8.6
Ice Magic      | 2 3 |  3.6
Stealth        | 2 3 |  3.2
Spellcasting   | 3 |  3.8

Action                   |  1- 3 |  4- 6 |  7- 9 | 10-12 || total
-------------------------+-------+-------+-------+-------++-------
Melee: Unarmed           |   134 |   185 |   364 |   554 ||  1237
       Tailslap          |    13 |    18 |    33 |    48 ||   112
       Kick              |     5 |     9 |       |       ||    14
       Headbutt          |     7 |    17 |    38 |    38 ||   100
       Punch             |     2 |     5 |     7 |     4 ||    18
Throw: Tomahawk          |       |       |     3 |    11 ||    14
 Cast: Beastly Appendage |    17 |    24 |    37 |    33 ||   111
       Sticks to Snakes  |       |     5 |    26 |    46 ||    77
       Spider Form       |       |     4 |    10 |    33 ||    47
       Ice Form          |       |       |       |     2 ||     2
       Blade Hands       |       |       |       |     4 ||     4
Invok: Reject Sacrifices |       |       |     1 |     1 ||     2
       Sacrifice a Hand  |       |       |       |     1 ||     1
 Abil: Spit Acid         |       |       |     3 |     8 ||    11
       Blink             |       |       |       |     7 ||     7
       End Transformatio |       |       |       |     1 ||     1
Evoke: Phial of floods   |       |       |       |     1 ||     1
  Use: Scroll            |       |     4 |     6 |     7 ||    17
       Potion            |       |     4 |     2 |     1 ||     7
 Stab: Sleeping          |       |     1 |     1 |     4 ||     6
       Distracted        |       |       |     1 |     5 ||     6
       Invisible         |       |       |       |     2 ||     2
  Eat: Chunk             |     4 |     8 |    18 |    39 ||    69
       Pizza             |       |       |       |     2 ||     2
       Meat ration       |       |       |       |     1 ||     1
       Royal jelly       |       |       |       |     1 ||     1
       Beef jerky        |       |       |       |     1 ||     1
Armor: Skin              |    48 |    56 |    76 |    97 ||   277
Dodge: Dodged            |    88 |   115 |   277 |   448 ||   928
